Map: Lightshade LE

Players

Krystianer

  • Race: Protoss Protoss
  • League: Grandmaster

LiquidClem (Clem) - Winner!

  • Race: Terran Terran
  • League: Grandmaster

Event: DreamHack SC2 Masters 2021 Summer

VOD

Have the link to the VOD?

Description

Time

  • Played on: May 22, 2021, 10:57 a.m.
  • Length: 5:22

All games in this series

Show
View Real Time Build Order
Export as new Build Order

Krystianer Protoss 

Build Orders: 1 Gate Expand, Dark Templar Rush 

Get SALT Encoding   

  12  0:08  Pylon  
  12  0:12  Probe  
  13  0:24  Probe (Chrono Boost)  
  14  0:29  Gateway  
  15  0:36  Probe (Chrono Boost)  
  15  0:41  Probe (Chrono Boost)  
  16  0:43  Assimilator  
  16  0:50  Probe  
  17  1:02  Probe  
  18  1:14  Probe  
  18  1:17  Cybernetics Core  
  19  1:26  Probe  
  20  1:32  Nexus  
  20  1:42  Probe, Pylon  
  21  1:47  Assimilator  
  21  1:50  Adept (Chrono Boost)  
  23  1:59  Warp Gate  
  23  2:00  Probe  
  24  2:10  Adept (Chrono Boost)  
  24  2:12  Probe  
  27  2:24  Probe  
  27  2:29  Twilight Council  
  28  2:33  Adept  
  28  2:36  Probe  
  31  2:45  Probe (Chrono Boost)  
  31  2:50  Probe (Chrono Boost)  
  33  2:57  Probe (Chrono Boost)  
  34  3:01  Robotics Facility  
  36  3:05  Probe (Chrono Boost)  
  36  3:06  Probe (Chrono Boost)  
  36  3:11  Probe  
  36  3:12  Probe  
  38  3:24  Gateway  
  38  3:25  Probe  
  38  3:26  Gateway, Dark Shrine  
  39  3:31  Probe  
  39  3:33  Dark Shrine  
  40  3:41  Probe, Dark Shrine  
  41  3:43  Probe  
  40  3:51  Warp Prism (Chrono Boost)  
  40  3:52  Stalker  
  40  3:53  Probe  
  43  4:04  Shield Battery  
  43  4:05  Pylon  
  43  4:07  Gateway  
  43  4:17  Probe x2  
  43  4:18  Assimilator  
  43  4:22  Pylon  
  43  4:23  Stalker  
  47  4:26  Stalker  
  47  4:30  Stalker  
  51  4:44  Shield Battery  
  51  4:46  Pylon  
  51  4:53  Dark Templar x2  
  47  5:07  Probe, Dark Templar  
  47  5:08  Probe  
Show
View Real Time Build Order
Export as new Build Order

LiquidClem Terran - Winner!

Build Orders:  

Get SALT Encoding   

  12  0:00  SCV  
  13  0:12  SCV  
  14  0:17  Supply Depot  
  14  0:24  SCV  
  15  0:38  SCV  
  15  0:39  Barracks  
  16  0:42  Refinery  
  16  0:50  SCV  
  17  1:03  SCV  
  18  1:15  SCV  
  19  1:26  Marine  
  19  1:27  Orbital Command  
  20  1:41  Command Center  
  20  1:45  Barracks Reactor  
  20  1:52  SCV  
  21  1:55  Supply Depot  
  21  2:04  SCV  
  21  2:08  Barracks  
  22  2:17  SCV  
  22  2:21  Marine x2  
  25  2:25  Barracks  
  25  2:29  SCV  
  26  2:33  Bunker  
  26  2:39  Marine x2  
  26  2:42  SCV  
  29  2:53  Orbital Command  
  29  2:54  SCV  
  29  2:55  Barracks Tech Lab  
  30  2:58  Marine  
  30  3:00  Marine  
  32  3:06  SCV  
  32  3:12  Barracks Tech Lab  
  33  3:13  Marine, Stimpack  
  33  3:19  SCV x2, Marine  
  37  3:20  Marine  
  37  3:24  Supply Depot  
  38  3:31  SCV x2, Combat Shield  
  38  3:33  Marine  
  41  3:35  Marine  
  41  3:40  Marine x2  
  44  3:43  SCV x2  
  45  3:51  Marine  
  45  3:55  SCV x2, Marauder, Engineering Bay  
  50  4:01  Marine x2  
  51  4:06  Supply Depot  
  51  4:07  SCV  
  53  4:12  Marauder  
  53  4:15  Refinery  
  54  4:25  Missile Turret  
  54  4:27  SCV x2, Marine x2  
  54  4:28  Marauder  
  54  4:29  Missile Turret  
  60  4:35  Refinery  
  60  4:36  Marauder  
  62  4:42  Supply Depot  
  62  4:45  SCV x2  
  64  4:47  Marine x2  
  64  4:49  Supply Depot  
  66  4:57  Refinery, SCV, Marauder  
  66  4:59  SCV  
  66  5:09  SCV  
  63  5:19  Supply Depot  
Tags
 
Add a new tag
Caveats
  • Supply blocks, unpowered buildings, or Contaminate may cause inaccurate times.
  • Supply counts are checked every 10 seconds.